 Dungeon Crawl Stone Soup version 0.28.0-47-ge53b351184 (webtiles) character file.

Game seed: 5199651148853873909

43 NinjaNoafa the Archer (level 3, -4/31 HPs)
             Began as a Gnoll Wanderer on Apr 28, 2022.
             Killed from afar by Sigmund (5 damage)
             ... with a puff of flame
             ... on level 2 of the Dungeon.
             The game lasted 00:03:29 (1216 turns).

NinjaNoafa the Archer (Gnoll Wanderer)              Turns: 1216, Time: 00:03:30

Health: -4/31      AC:  3    Str: 11    XL:     3   Next: 58%
Magic:  9/9        EV: 11    Int: 15    God:
Gold:   20         SH:  0    Dex: 11    Spells: 11/12 levels left

rFire   + . .      SeeInvis .   a - +4 shortbow
rCold   + . .      Faith    .   (shield currently unavailable)
rNeg    . . .      Spirit   .   c - +0 robe
rPois   +          Reflect  .   (no helmet)
rElec   +          Harm     .   (no cloak)
rCorr   +          Rampage  .   (no gloves)
Will    .....      Clarity  +   (no boots)
Stlth   ..........              (no amulet)
HPRegen 0.10/turn               (no ring)
MPRegen 0.11/turn               (no ring)

@: silenced (expiring), resistant
A: fangs 1, strong nose, distributed training, clarity, clever 1, shaggy fur 1
a: no special abilities


You were on level 2 of the Dungeon.
You visited 1 branch of the dungeon, and saw 2 of its levels.

You collected 20 gold pieces.

Inventory:

Hand Weapons
 a - a +4 shortbow (weapon)
Missiles
 b - 31 arrows (quivered ammo)
 f - 94 stones
Armour
 c - a +0 robe (worn)
Jewellery
 d - a ring of ice
Scrolls
 n - a scroll of teleportation {unknown}


   Skills:
 + Level 4.5 Fighting
 + Level 0.8 Short Blades
 + Level 0.8 Long Blades
 + Level 0.8 Axes
 + Level 0.8 Maces & Flails
 + Level 0.8 Polearms
 + Level 0.8 Staves
 + Level 0.8 Slings
 + Level 8.5 Bows
 + Level 0.8 Crossbows
 + Level 0.8 Throwing
 + Level 0.8 Armour
 + Level 0.8 Dodging
 + Level 0.8 Stealth
 + Level 0.8 Shields
 + Level 0.8 Unarmed Combat
 + Level 5.0 Spellcasting
 + Level 0.5 Conjurations
 + Level 0.5 Hexes
 + Level 0.5 Summonings
 + Level 0.5 Necromancy
 + Level 0.5 Translocations
 + Level 0.5 Transmutations
 + Level 0.5 Fire Magic
 + Level 0.5 Ice Magic
 + Level 0.5 Air Magic
 + Level 0.5 Earth Magic
 + Level 3.7 Poison Magic
 + Level 1.0 Invocations
 + Level 0.8 Evocations


You had 11 spell levels left.
You knew the following spells:

 Your Spells              Type           Power      Damage    Failure   Level
a - Sting                 Tmut/Pois      40%        1d5       7%          1

Your spell library contained the following spells:

 Spells                   Type           Power      Damage    Failure   Level
 Spider Form              Tmut/Pois      10%        N/A       21%         3


Dungeon Overview and Level Annotations

Branches:
Dungeon (2/15)

Altars:

Annotations:
D:2 Sigmund


Innate Abilities, Weirdness & Mutations

You have very sharp teeth.
Your uncanny sense of smell can sniff out nearby items.
Your experience applies equally to all skills.
You possess an exceptional clarity of mind.
Your mind is acute. (Int +2)
You are covered in fur. (AC +1)


Message History

Sigmund points at you and mumbles some strange words.
The puff of flame hits you. You resist.
* * * LOW HITPOINT WARNING * * *
Blink to where?
Press: ? - help, Dir - move target, p - Sigmund
Found a lumpy pink potion.
As you read the scroll labelled DIRHIK ROEDEUL, it crumbles to dust.
It was a scroll of blinking.
Sigmund looks more healthy.
As you read the scroll labelled DAHUIF NUFFEL, it crumbles to dust.
It is a scroll of enchant weapon.
Your +3 shortbow glows red for a moment.
As you read the scroll labelled SOBAULL CYNIEW, it crumbles to dust.
The air around you briefly surges with heat, but it dissipates.
It was a scroll of immolation.
As you read the scroll labelled ARIEST ZIVO, it crumbles to dust.
You feel aware of your surroundings.
It was a scroll of magic mapping.
As you read the scroll labelled QAUHISO BUISSU, it crumbles to dust.
A profound silence engulfs you.
It was a scroll of silence.
Magic scrolls do not work when you're silenced!
You see here a lumpy pink potion.
You are too injured to fight recklessly!
Fire: 32 arrows
Press: ? - help, Q - select action, (/) - cycle Shift-Dir - straight line, f - Sigmund
Aim: Sigmund, wielding a +0 scythe of freezing and wearing a +2 robe of willpower (lightly wounded, 64% to hit)
You shoot an arrow.
The arrow hits Sigmund but does no damage.
Sigmund is lightly wounded.
Sigmund hits you from afar with a +0 scythe of freezing.
* * * LOW HITPOINT WARNING * * *
Sigmund casts a spell at you. The magic dart hits you!
* * * LOW HITPOINT WARNING * * *
Sigmund casts a spell at you. You resist with significant effort.
Sigmund points at you and mumbles some strange words.
The puff of flame hits you. You resist.
* * * LOW HITPOINT WARNING * * *
Sigmund casts a spell at you. The puff of flame hits you. You resist.
You die...

*,* #.# *,* #@# *,*
#.# *,* #.# *,* #.#
*,* #.# *,* #.#
*****,* #.###
*,,,,,* #.@.#
###,***** ###.#
#..,* *.# ##.#**
*.# ##.# *.# ##.#
*.# ##.## *.#
#...########*****.#
............,<,,,,*


You could see Sigmund.

Vanquished Creatures
  A gnoll (D:1)
  4 bats
  4 endoplasms
  2 giant cockroaches
  4 hobgoblins
  3 jackals (D:1)
  4 ball pythons
  3 frilled lizards
  2 kobolds (D:1)
  5 rats
32 creatures vanquished.

Notes
Turn   | Place    | Note
-------+----------+-------------------------------------------
     0 | D:1      | NinjaNoafa the Gnoll Wanderer began the quest for the Orb.
     0 | D:1      | NinjaNoafa set off with the following items: a +3 shortbow,
                  | 28 arrows, a +0 robe; and the following spell memorised:
                  | Sting; and the following spells available to memorise:
                  | Spider Form
     0 | D:1      | Reached XP level 1. HP: 20/20 MP: 6/6
    88 | D:1      | Reached XP level 2. HP: 18/26 MP: 0/7
   315 | D:1      | Reached XP level 3. HP: 31/31 MP: 9/9
   333 | D:1      | Found a faded altar of an unknown god.
   359 | D:1      | Reached skill level 5 in Spellcasting
   960 | D:2      | Reached skill level 1 in Invocations
  1181 | D:2      | Noticed Sigmund
  1184 | D:2      | Gained mutation: You possess an exceptional clarity of
                  | mind. [potion of mutation]
  1184 | D:2      | Gained mutation: You are covered in fur. (AC +1) [potion of
                  | mutation]
  1184 | D:2      | Gained mutation: Your mind is acute. (Int +2) [potion of
                  | mutation]
  1210 | D:2      | HP: 1/31 [Sigmund/magic dart (7)]
  1215 | D:2      | HP: 1/31 [Sigmund/puff of flame (1)]
  1216 | D:2      | Killed from afar by Sigmund

Illustrated notes

Levels and vault maps discovered:
D:1:      matt_arrival_grand_opening, layout_loops_cross,
          ebering_ecumenical_altar_mist
D:2:      layout_loops_ring, minmay_misc_feat_alley, minmay_close_crescents,
          uniq_sigmund

Skill      XL: |  1  2  3 |
---------------+----------+-----
Spellcasting   | 5 |  5.0
Invocations    | 1 |  1.0
Fighting       | |  4.5
Short Blades   | |  0.8
Long Blades    | |  0.8
Axes           | |  0.8
Maces & Flails | |  0.8
Polearms       | |  0.8
Staves         | |  0.8
Slings         | |  0.8
Bows           | |  8.5
Crossbows      | |  0.8
Throwing       | |  0.8
Armour         | |  0.8
Dodging        | |  0.8
Stealth        | |  0.8
Shields        | |  0.8
Unarmed Combat | |  0.8
Conjurations   | |  0.5
Hexes          | |  0.5
Summonings     | |  0.5
Necromancy     | |  0.5
Translocations | |  0.5
Transmutations | |  0.5
Fire Magic     | |  0.5
Ice Magic      | |  0.5
Air Magic      | |  0.5
Earth Magic    | |  0.5
Poison Magic   | |  3.7
Evocations     | |  0.8

Action                   || total
-------------------------++-------
 Fire: Shortbow          ||    55
 Cast: Sting             ||     8
  Use: Scroll            ||     6
       Potion            ||     2
Armor: Robe              ||     6
Dodge: Dodged            ||    16
